 Dungeon Crawl Stone Soup version 0.19.1 (webtiles) character file.

152 Ladykiller69 the Shield-Bearer (level 5, 0/42 HPs)
             Began as a Formicid Fighter on Nov 25, 2016.
             Slain by a gnoll
             ... wielding a +0 spear
              (8 damage)
             ... on level 3 of the Dungeon.
             The game lasted 00:03:32 (2179 turns).

Ladykiller69 the Shield-Bearer (Formicid Fighter)   Turns: 2179, Time: 00:03:34

Health: 0/42       AC:  7    Str: 21    XL:     5   Next: 60%
Magic:  5/5        EV:  8    Int:  8    God:
Gold:   103        SH:  9    Dex: 10    Spells: 0 memorised, 4 levels left

rFire  . . .     SeeInvis +     a - +0 war axe
rCold  . . .     Gourm    .     b - +0 scale mail
rNeg   . . .     Faith    .     c - +0 shield
rPois  .         Spirit   .     (helmet unavailable)
rElec  .         Reflect  .     (no cloak)
rCorr  .         Harm     .     (no gloves)
MR     .....                    (no boots)
Stlth  ..........               (no amulet)
                                (no ring)
                                (no ring)

@: no status effects
A: permanent stasis, dig shafts and tunnels, four strong arms, antennae 3
a: Dig, Shaft Self


You were on level 3 of the Dungeon.
You were hungry.

You visited 1 branch of the dungeon, and saw 3 of its levels.

You collected 103 gold pieces.

Inventory:

Hand Weapons
 a - a +0 war axe (weapon)
 w - a +6 whip of electrocution
Missiles
 e - 67 stones (quivered)
 v - a throwing net
Armour
 b - a +0 scale mail (worn)
 c - a +0 shield (worn)
Scrolls
 i - a scroll of recharging {unknown}
 m - a scroll of blinking {unknown}
 o - a scroll of enchant weapon {unknown}
 q - a scroll of noise {unknown}
 r - a scroll of amnesia {unknown}
 t - a scroll of identify {unknown}
Potions
 d - a potion of might
 g - 2 potions of agility {unknown}
 h - a potion of brilliance {unknown}
 j - 2 potions of flight {unknown}
 k - a potion of curing {unknown}
 l - a potion of degeneration {unknown}
 n - a potion of haste {unknown}
 p - a potion of ambrosia {unknown}
Comestibles
 f - 5 bread rations
 s - 2 beef jerkies
 u - 7 chunks of flesh


   Skills:
 + Level 4.1 Fighting
 * Level 3.7 Axes
 + Level 3.9 Armour
 + Level 4.6 Shields


You had 4 spell levels left.
You didn't know any spells.

Dungeon Overview and Level Annotations

Branches:
Dungeon (3/15)

Altars:
Elyvilon
Okawaru
Qazlal
Ru
Trog
Xom
The Shining One


Innate Abilities, Weirdness & Mutations

You are under a permanent stasis effect.
You can dig through walls and to a lower floor.
Your four strong arms can wield two-handed weapons with a shield.
You have a pair of large antennae on your head. (SInv)


Message History

You hit the gnoll.
The gnoll is almost dead.
You are feeling hungry.
The gnoll closely misses you. You block the gnoll's attack. x2
The gnoll barely misses you. The gnoll misses you.
You hit the gnoll but do no damage.
The gnoll is almost dead.
You hit the gnoll but do no damage. The gnoll barely misses you. x3
The gnoll hits you from afar with a halberd!
You hit the gnoll.
You kill the gnoll!
You hit the gnoll. You block the gnoll's attack. x3
The gnoll hits you but does no damage.
You barely miss the gnoll.
The gnoll is heavily wounded.
The gnoll hits you from afar with a spear.
You block the gnoll's attack. The gnoll hits you with a club!
* * * LOW HITPOINT WARNING * * *
The gnoll hits you from afar with a spear!
You die...

+........#........##.#'#'##
#........#......[.##......#
#........#........##......#
##.†......#........##......#
#.........'........##.....##
#.........#........########
#.........#........#
#.)....<..#....(...#
...###.....##...@#### .##
###########gg..?... .


gg....... .......... ........... ...........) ..?.......... .............. You
could see 3 gnolls and a hobgoblin.

Vanquished Creatures
  4 adders (D:2)
  4 gnolls (D:3)
  An ooze (D:1)
  2 worms (D:3)
  3 dart slugs
  2 leopard geckos
  4 orcs (D:3)
  A giant cockroach (D:1)
  7 goblins
  5 hobgoblins
  3 jackals (D:3)
  9 kobolds
  2 quokkas (D:2)
  2 ball pythons (D:1)
  A bat (D:1)
  2 frilled lizards
  7 rats
59 creatures vanquished.

Notes
Turn   | Place    | Note
-------+----------+-------------------------------------------
     0 | D:1      | Ladykiller69 the Formicid Fighter began the quest for the Orb.
     0 | D:1      | Reached XP level 1. HP: 18/18 MP: 1/1
   140 | D:1      | Reached XP level 2. HP: 20/24 MP: 2/2
   340 | D:1      | Reached XP level 3. HP: 29/29 MP: 3/3
  1196 | D:2      | Reached XP level 4. HP: 28/37 MP: 4/4
  1207 | D:2      | Found a stormy altar of Qazlal.
  1207 | D:2      | Found a white marble altar of Elyvilon.
  1207 | D:2      | Found a bloodstained altar of Trog.
  1215 | D:2      | Found a sacrificial altar of Ru.
  1217 | D:2      | Found a glowing golden altar of the Shining One.
  1218 | D:2      | Found a shimmering altar of Xom.
  1414 | D:2      | Found an iron altar of Okawaru.
  1730 | D:3      | Reached XP level 5. HP: 40/42 MP: 5/5
  2179 | D:3      | Slain by a gnoll

Skill      XL: |  1  2  3  4  5 |
---------------+----------------+-----
Axes           | 3 |  3.7
Shields        | 4 |  4.6
Fighting       | 4 |  4.1
Armour         | |  3.9

Action                   |  1- 3 |  4- 6 || total
-------------------------+-------+-------++-------
Melee: War axe           |   122 |    74 ||   196
 Abil: Dig               |       |     1 ||     1
  Use: Scroll            |     1 |       ||     1
  Eat: Chunk             |     1 |     3 ||     4
Armor: Scale mail        |    49 |    28 ||    77
Dodge: Dodged            |    46 |    22 ||    68
Block: Shield            |    57 |    47 ||   104
